 Dungeon Crawl Stone Soup version 0.32-a0-871-ge202e49faa (webtiles) character file.

Game seed: 17341087690429551099

120981 Lanoc the Brawler (level 16, -10/162 HPs)
             Began as a Troll Shapeshifter on Mar 30, 2024.
             Was a High Priest of Ru.
             Mangled by Agnes
             ... wielding a +1 vampiric lajatang
              (28 damage)
             ... on level 1 of the Snake Pit.
             The game lasted 00:57:08 (23835 turns).

Lanoc the Brawler (Troll Shapeshifter)             Turns: 23835, Time: 00:57:08

Health: -10/162    AC:  4    Str: 34    XL:     16   Next: 31%
Magic:  0/15       EV: 16    Int:  3    God:    Ru [*****.]
Gold:   1700       SH:  0    Dex:  9    Spells: 15/15 levels left

rFire   + .          .
                       - Unarmed
rCold   + . .        (no shield)
rNeg    . . .        P - melded +0 steam dragon scales
rPois   +            z - +2 hat of the Bear Spirit {Spirit, Bear, *Rage Will++}
rElec   .            J - scarf {rC+ rF+}
rCorr   .            (gloves unavailable)
SInv    +            (boots unavailable)
Will    +++++        m - necklace of Bloodlust {Fury *Rage Will++ Int-3 Slay+6}
Stlth   +            s - +5 ring of evasion
HPRegen 1.27/turn    f - ring "Vuockut" {rPois Str+4 SInv}
MPRegen 0.14/turn

%: random rage (70%), guardian spirit
@: lethally poisoned (-10 -> -10), maw-form, on berserk cooldown, hasted,
studying 2 skills, very quick
A: devouring maw, large, unfitting armour, claws 3, regeneration 1, shaggy fur
1, tough skin 1, weak 1, inability to read after injury 2, hated by all, no air
magic, no necromancy magic, no alchemy magic, talons 1
a: Begin Untransformation, Renounce Religion, Sacrifice an Eye, Sacrifice
Durability, Sacrifice Skill, Reject Sacrifices, Draw Out Power, Power Leap,
Apocalypse


You were on level 1 of the Snake Pit.
You worshipped Ru.
Ru was extremely pleased with you.
You were a creature with a mouth for a stomach.
You visited 5 branches of the dungeon, and saw 24 of its levels.
You also visited: Sewer, Gauntlet and Volcano.

You collected 2886 gold pieces.
You spent 1186 gold pieces at shops.

Inventory:

Hand Weapons
 j - the +8 frozen axe "Frostbite" {freeze, freezing cloud, *Noise Fly rC+}
   (You found it on level 10 of the Dungeon)

   rC+:       It protects you from cold.
   Fly:       It grants you flight.
   *Noise:    It may make a loud noise when swung.
 S - a +2 scimitar of flaming
Missiles
 h - a curare-tipped dart
 u - 55 large rocks (quivered)
 Q - 5 throwing nets
Armour
 z - the +2 hat of the Bear Spirit (worn) {Spirit, Bear, *Rage Will++}
   (You bought it in a shop on level 2 of the Orcish Mines)

   Bear:      Going berserk makes the wearer exceptionally tough, and they are
   slowed for a shorter time afterward.
   Will++:    It greatly increases your willpower.
   *Rage:     It berserks you when you make melee attacks (+20% chance).
 J - a scarf of resistance (worn)
 P - +0 steam dragon scales (melded)
 V - a +2 robe of cold resistance
Jewellery
 f - the ring "Vuockut" (right claw) {rPois Str+4 SInv}
   (You found it in a Gauntlet)

   [ring of see invisible]

   Str+4:     It affects your strength (+4).
   rPois:     It protects you from poison.
   SInv:      It lets you see invisible.
 m - the necklace of Bloodlust (around neck) {Fury *Rage Will++ Int-3 Slay+6}
   (You found it on level 1 of the Orcish Mines)

   [amulet of nothing]

   Fury:      It extends the wearer's berserk rage when killing foes.
   Int-3:     It affects your intelligence (-3).
   Slay+6:    It affects your accuracy & damage with ranged weapons and melee
   (+6).
   Will++:    It greatly increases your willpower.
   *Rage:     It berserks you when you make melee attacks (+50% chance).
 r - a ring of resist corrosion
 s - a +5 ring of evasion (left claw)
 I - a ring of willpower
 M - a ring of protection from fire
Talismans
 c - a beast talisman
 d - a flux talisman
 Z - a maw talisman (active)
Wands
 y - a wand of roots (38)
 B - a wand of mindburst (15)
 N - a wand of paralysis (26)
 O - a wand of flame (41)
 X - a wand of polymorph (3)
Scrolls
 k - 5 scrolls of enchant armour
 n - 8 scrolls of fog
 o - 3 scrolls of butterflies
 p - 5 scrolls of fear
 q - 6 scrolls of revelation
 t - 4 scrolls of teleportation
 w - 2 scrolls of silence
 C - 2 scrolls of blinking
 D - 6 scrolls of amnesia
 E - 6 scrolls of poison
 H - 2 scrolls of immolation
 W - a scroll of enchant weapon
Potions
 a - 3 potions of brilliance
 b - 3 potions of lignification
 e - a potion of might
 g - 7 potions of curing
 i - a potion of cancellation
 l - 7 potions of mutation
 v - a potion of berserk rage
 x - 2 potions of magic
 A - a potion of haste
 G - a potion of invisibility
 L - 3 potions of enlightenment
 R - 2 potions of resistance
 T - a potion of attraction
 U - 5 potions of ambrosia
Miscellaneous
 Y - a lightning rod (4/4)


   Skills:
 + Level 11.2 Fighting
 + Level 10.5 Dodging
 * Level 17.6 Unarmed Combat
 * Level 16.3 Shapeshifting


You had 15 spell levels left.
You didn't know any spells.
Your spell library contained the following spells:

 Spells                   Type           Power      Damage    Failure   Level
 Freeze                   Ice            0%         1d3       52%         1
 Magic Dart               Conj           0%         1d3       52%         1
 Blink                    Tloc           0%         N/A       67%         2
 Ensorcelled Hibernation  Hex/Ice        0%         N/A       67%         2
 Frozen Ramparts          Ice            0%         1d1       88%         3
 Hailstorm                Conj/Ice       0%         3d5       88%         3
 Passwall                 Erth           0%         N/A       88%         3
 Volatile Blastmotes      Fire/Tloc      0%         2d10      88%         3
 Bombard                  Conj/Erth      0%         9d1       100%        6
 Ignition                 Fire           0%         3d3       100%        8
 Sting                    Conj/Alch      Unusable   1d3       N/A         1
 Call Imp                 Summ           Unusable   N/A       N/A         2
 Cigotuvi's Dreadful Rot  Necr/Alch/Air  Unusable   N/A       N/A         2
 Mercury Vapours          Alch/Air       Unusable   N/A       N/A         2
 Fugue of the Fallen      Necr           Unusable   N/A       N/A         3
 Anguish                  Hex/Necr       Unusable   N/A       N/A         4
 Ignite Poison            Fire/Alch      Unusable   N/A       N/A         4
 Olgreb's Toxic Radiance  Alch           Unusable   N/A       N/A         4
 Sticky Flame             Fire/Alch      Unusable   2d4       N/A         4
 Vhi's Electric Charge    Tloc/Air       Unusable   N/A       N/A         4
 Freezing Cloud           Conj/Ice/Air   Unusable   6-21      N/A         5

Dungeon Overview and Level Annotations

Branches:
Dungeon (15/15)            Temple (1/1) D:5            Lair (5/5) D:10
 Shoals (0/4) Lair:3        Snake (1/4) Lair:3        Slime (0/5) Lair:5
    Orc (2/2) D:10            Elf (0/3) Orc:2        Vaults (0/5) D:14
 Depths (0/4) D:15          Sewer (visited)         Volcano (visited)
Gauntlet (visited)

Altars:
Ashenzari
Cheibriados
Dithmenos
Elyvilon
Gozag
Kikubaaqudgha
Makhleb
Nemelex Xobeh
Okawaru
Qazlal
Ru
Sif Muna
Trog
Uskayaw
Vehumet
Wu Jian
Xom
Zin
The Shining One

Shops:
D:5 ((*   D:9 :   D:10 (   Orc:2 *[([

Annotations:
D:14 3 runed translucent doors, Agruq Axkidd's ghost, journeyman GrEE
Snake:1 Agnes


Innate Abilities, Weirdness & Mutations

You are a creature with a mouth for a stomach.
Your midsection houses a second, enormous mouth.
You are too large for most types of armour.
You have claws for hands.
Your natural rate of healing is unusually fast.
You are covered in fur. (AC +1)
You have tough skin. (AC +1)
You are weak. (Str -2)
You sometimes lose the ability to read scrolls when taking damage.
You are hated by all.
You cannot study or cast Air magic.
You cannot study or cast Necromancy magic.
You cannot study or cast Alchemy magic.
You have sharp toenails.


Message History

The naga completely misses you. The naga closely misses you.
You barely miss the naga. The naga barely misses you.
The naga begins to attack, but is stunned by your conviction!
You closely miss Agnes. Your kick misses Agnes. Your claw misses Agnes.
Your bite misses Agnes.
Agnes hits you with a +1 vampiric lajatang!! x2
The naga begins to attack, but is stunned by your conviction!
You miss Agnes. Your kick misses Agnes. You bite Agnes!!
Agnes is moderately wounded.
Agnes hits you with a +1 vampiric lajatang!!
* * * LOW HITPOINT WARNING * * *
Agnes draws strength from your wounds! The naga barely misses you.
Agnes hits you with a +1 vampiric lajatang!
* * * LOW HITPOINT WARNING * * *
Agnes draws strength from your wounds!
You feel much better.
Agnes hits you with a +1 vampiric lajatang!!!
* * * LOW HITPOINT WARNING * * *
The naga misses you. The naga barely misses you.
Agnes hits you with a +1 vampiric lajatang!
* * * LOW HITPOINT WARNING * * *
The naga closely misses you.
A naga comes into view. It is wielding a +1 heavy war axe.
The naga spits poison at you. The splash of poison hits you.
You are poisoned.
You resist.
* * * LOW HITPOINT WARNING * * *
Agnes closely misses you.
You feel yourself speed up.
You feel yourself speed up.
You feel very sick.
You redirect Agnes's attack!
Agnes hits the naga with a +1 vampiric lajatang!!
The naga begins to attack, but is stunned by your conviction!
The naga completely misses you.
Agnes hits you with a +1 vampiric lajatang!!
You die...
Agnes says, "May you follow the Path of Peace in your next life."
Ru respects your ultimate sacrifice.

####### ......
##########N...
###..<).##...#.
##........##NNN#
#.....###..##iN#
#......###..#W)#
#....).#.#...#..#
#......###..#.#.#
##.....# ######.#
#.....# ..
####### #.# ##


You could see Agnes and 5 nagas.

Vanquished Creatures
  Rupert (D:15)
  Jorgrun (D:12)
  Frances (D:13)
  A stone giant (D:15)
  A minotaur (Gauntlet)
  A red draconian (Volcano)
  An ettin (Orc:1)
  2 fire dragons
  Erolcha (Orc:2)
  Harold (D:10)
  3 vault guards (D:14)
  2 hydras (Lair:5)
  2 boulder beetles
  A catoblepas (Lair:4)
  A hell beast (Gauntlet)
  16 two-headed ogres
  6 centaur warriors
  4 ogre magi
  4 tengu warriors
  An occultist (D:15)
  A naga warrior (Snake:1)
  4 skysharks
  A salamander mystic (Snake:1)
  2 arcanists (D:14)
  A lindwurm (Lair:5)
  Pikel (D:4)
  2 deep elf pyromancers
  3 harpies
  3 orc sorcerers
  2 necromancers (D:14)
  10 orc knights
  11 cyclopes
  16 ugly things
  5 manticores
  2 salamanders (Volcano)
  10 elephants (Lair:5)
  4 gargoyles
  2 kobold blastminers (Orc:1)
  6 molten gargoyles
  A naga mage (Snake:1)
  A torpor snail (Lair:4)
  6 black mambas
  3 orange demons (Orc:2)
  5 cane toads
  A kobold demonologist (D:9)
  15 komodo dragons
  3 rime drakes
  An unseen horror (D:13)
  Psyche (D:8)
  A freezing wraith (D:10)
  2 tengu conjurers (D:13)
  2 efreet
  9 trolls
  2 ice devils (D:10)
  A silent spectre (Orc:1)
  3 polar bears
  A queen bee (Lair:2)
  21 blink frogs
  9 dream sheep
  A centaur simulacrum (D:10)
  Sigmund (D:2)
  15 slime creatures
  9 wyverns
  2 wraiths
  4 shadows (Gauntlet)
  A vampire (D:13)
  6 steam dragons
  17 humans (D:14)
  63 yaks
  11 basilisks
  9 wargs
  8 vampire mosquitoes
  3 nagas (Lair:3)
  The ghost of NotYourErnst the Firebug, an amateur GrWn (D:3)
  17 water moccasins
  Edmund (D:4)
  5 hell hounds
  28 orc warriors
  A laughing skull (D:10)
  2 black bears
  13 ogres
  15 wolves
  3 lemures (D:4)
  11 centaurs
  4 kobold brigands
  2 brain worms (Sewer)
  17 bullfrogs
  5 scorpions
  15 wights
  29 killer bees
  5 howler monkeys
  2 electric eels
  A bombardier beetle (D:6)
  5 lava snakes (Lair:5)
  2 hounds
  3 jellies
  13 orc priests
  2 iguanas
  20 orc wizards
  A hell rat (Lair:2)
  7 gnolls (D:4)
  8 adders
  A river rat (D:3)
  7 white imps
  2 ufetubi (D:6)
  4 dart slugs
  4 ribbon worms
  90 orcs
  3 bats
  10 endoplasms
  4 giant cockroaches
  5 hobgoblins
  12 ball pythons
  5 frilled lizards
  11 goblins
  23 kobolds
  8 rats
  A butterfly (Lair:4)
803 creatures vanquished.

Vanquished Creatures (others)
  A hydra (D:12)
  2 trolls (Orc:1)
  A vampire mosquito (D:12)
  An orc (D:6)
  A kobold (D:8)
6 creatures vanquished.

Grand Total: 809 creatures vanquished

Notes
Turn   | Place    | Note
-------+----------+-------------------------------------------
     0 | D:1      | Lanoc the Troll Shapeshifter began the quest for the Orb.
     0 | D:1      | Reached XP level 1. HP: 18/18 MP: 0/0
   364 | D:1      | Reached XP level 2. HP: 26/26 MP: 1/1
   463 | D:1      | Reached skill level 1 in Fighting
   840 | D:2      | Reached XP level 3. HP: 33/33 MP: 2/2
  1053 | D:2      | Noticed Sigmund
  1058 | D:2      | Killed Sigmund
  1059 | D:2      | Reached skill level 4 in Unarmed Combat
  1059 | D:2      | Reached XP level 4. HP: 32/42 MP: 3/3
  1059 | D:2      | Reached XP level 5. HP: 37/49 MP: 4/4
  1502 | D:3      | Found a transporter.
  1535 | D:3      | Found a glowing drain.
  1539 | Sewer    | Entered a sewer
  1705 | Sewer    | Reached XP level 6. HP: 57/57 MP: 5/5
  1932 | D:3      | Reached skill level 5 in Unarmed Combat
  1937 | D:3      | Found a faded altar of an unknown god.
  2081 | D:3      | Noticed NotYourErnst's ghost (amateur GrWn)
  2192 | D:3      | You fall into a shaft and drop 2 floors!
  2192 | D:5      | Entered Level 5 of the Dungeon
  2282 | D:5      | Reached skill level 5 in Shapeshifting
  2282 | D:5      | Reached XP level 7. HP: 37/66 MP: 6/6
  2455 | D:5      | Found Rimiemor's Weapon Shoppe.
  2455 | D:5      | Found Fasojoe's Assorted Antiques.
  2458 | D:5      | Found Goseagosh's Weapon Shoppe.
  2580 | D:5      | Found a staircase to the Ecumenical Temple.
  2636 | Temple   | Entered the Ecumenical Temple
  2648 | Temple   | Became a worshipper of Ru the Awakened
  3378 | D:4      | Reached skill level 6 in Unarmed Combat
  3523 | D:4      | Noticed Edmund
  3535 | D:4      | Killed Edmund
  3536 | D:4      | Reached XP level 8. HP: 71/74 MP: 7/7
  3552 | D:4      | Noticed Pikel
  3583 | D:4      | Killed Pikel
  4191 | D:3      | Found an ancient bone altar of Kikubaaqudgha.
  4258 | D:3      | Found a snail-covered altar of Cheibriados.
  4292 | D:3      | Found an opulent altar of Gozag.
  4632 | D:3      | Found a transporter.
  4658 | D:3      | Reached skill level 7 in Unarmed Combat
  4730 | D:3      | Killed NotYourErnst's ghost
  4873 | D:4      | Gained mutation: You are hated by all. [Ru sacrifice]
  4873 | D:4      | Reached * piety under Ru
  4873 | D:4      | Reached ** piety under Ru
  5182 | D:6      | Reached XP level 9. HP: 84/84 MP: 8/8
  5419 | D:6      | Found an ornate altar of the Wu Jian Council.
  5858 | D:7      | Reached skill level 8 in Unarmed Combat
  5895 | D:7      | Found a shimmering altar of Xom.
  5902 | D:7      | Found a sparkling altar of Nemelex Xobeh.
  5903 | D:7      | Found a stormy altar of Qazlal.
  5903 | D:7      | Found a burning altar of Makhleb.
  5904 | D:7      | Found a hide-covered altar of Uskayaw.
  5905 | D:7      | Found a shadowy altar of Dithmenos.
  6335 | D:7      | Found a radiant altar of Vehumet.
  6605 | D:8      | Noticed Psyche
  6608 | D:8      | Killed Psyche
  6800 | D:8      | Reached skill level 5 in Dodging
  6826 | D:8      | Noticed a two-headed ogre
  6836 | D:8      | Killed a two-headed ogre
  6837 | D:8      | Reached skill level 9 in Unarmed Combat
  6837 | D:8      | Reached XP level 10. HP: 77/94 MP: 9/9
  7001 | D:8      | Noticed a centaur warrior
  7015 | D:8      | Killed a centaur warrior
  7016 | D:8      | Reached skill level 5 in Fighting
  7350 | D:9      | Identified the +4 scale mail "Jaeluirgh" {*Corrode rF+
                  | Int+6}
  7379 | D:9      | Reached skill level 10 in Unarmed Combat
  7585 | D:9      | Found Woanied's Book Boutique.
  7678 | D:9      | Reached XP level 11. HP: 104/104 MP: 10/10
  7759 | D:10     | Entered Level 10 of the Dungeon
  7759 | D:10     | Noticed Harold
  7769 | D:10     | Killed Harold
  7770 | D:10     | Found Famn's Weapon Emporium.
  8093 | D:10     | Found a staircase to the Lair.
  8102 | D:10     | Reached skill level 10 in Shapeshifting
  8127 | D:10     | HP: 3/105 [yak (4)]
  8127 | D:10     | HP: 1/105 [yak (2)]
  8144 | D:10     | Reached skill level 11 in Unarmed Combat
  8469 | D:10     | Found a staircase to the Orcish Mines.
  8855 | D:10     | Found the +8 frozen axe "Frostbite" {freeze, freezing
                  | cloud, *Noise Fly rC+}
  8947 | Orc:1    | Entered Level 1 of the Orcish Mines
  8982 | Orc:1    | Noticed an orc sorcerer
  8994 | Orc:1    | Killed an orc sorcerer
  9048 | Orc:1    | Noticed an ettin
  9052 | Orc:1    | Found the +13 sword of the Doom Knight {doom -Cast ^Drain
                  | Will+}
  9053 | Orc:1    | Found a bloodstained altar of Trog.
  9053 | Orc:1    | Found the necklace of Bloodlust {Fury *Rage Will++ Int-3
                  | Slay+6}
  9288 | Orc:1    | Noticed an orc knight
  9334 | Lair:1   | Entered Level 1 of the Lair of Beasts
  9468 | Lair:1   | Gained mutation: You occasionally lose the ability to read
                  | scrolls when taking damage. [Ru sacrifice]
  9468 | Lair:1   | Gained mutation: You sometimes lose the ability to read
                  | scrolls when taking damage. [Ru sacrifice]
  9468 | Lair:1   | Reached *** piety under Ru
  9536 | Lair:1   | Reached skill level 12 in Unarmed Combat
  9536 | Lair:1   | Reached XP level 12. HP: 19/115 MP: 11/11
 10110 | Lair:1   | Noticed a fire dragon
 10123 | Lair:1   | Killed a fire dragon
 10860 | Lair:2   | Reached skill level 13 in Unarmed Combat
 11558 | Lair:2   | Gained mutation: You are weak. (Str -2) [Ru sacrifice]
 11642 | Lair:2   | Reached XP level 13. HP: 53/124 MP: 12/12
 11721 | Lair:2   | Identified the +6 arbalest of Prudence {antimagic, Str+3
                  | Int-3 Dex+5}
 12264 | Lair:3   | Found a staircase to the Shoals.
 13728 | D:12     | Reached skill level 14 in Unarmed Combat
 13907 | D:12     | Noticed Jorgrun
 13932 | D:12     | Killed Jorgrun
 14374 | D:13     | Noticed Frances
 14382 | D:13     | Killed Frances
 14446 | D:13     | Identified the +4 ring mail of Goesuruo {Harm rC+ Stlth+}
 14487 | D:13     | Gained mutation: You cannot study or cast Air magic. [Ru
                  | sacrifice]
 14487 | D:13     | Gained mutation: You cannot study or cast Alchemy magic.
                  | [Ru sacrifice]
 14487 | D:13     | Gained mutation: You cannot study or cast Necromancy magic.
                  | [Ru sacrifice]
 14487 | D:13     | Reached **** piety under Ru
 14487 | D:13     | Reached ***** piety under Ru
 15417 | D:13     | Reached XP level 14. HP: 120/137 MP: 13/13
 15685 | D:14     | Found a gate leading to a gauntlet.
 15772 | Gauntlet | Entered a Gauntlet
 15772 | Gauntlet | Found a transporter.
 15780 | Gauntlet | Found a transporter.
 15797 | Gauntlet | Found a transporter.
 15800 | Gauntlet | Found a transporter.
 15810 | Gauntlet | Found a transporter.
 15830 | Gauntlet | Found a transporter.
 15833 | Gauntlet | Found a transporter.
 15837 | Gauntlet | Found a transporter.
 15868 | Gauntlet | Found a large runed translucent door.
 15868 | Gauntlet | Found a large runed translucent door.
 15869 | Gauntlet | Found a large runed translucent door.
 15869 | Gauntlet | Found a large runed translucent door.
 15870 | Gauntlet | Found a large runed translucent door.
 15870 | Gauntlet | Found a large runed translucent door.
 15871 | Gauntlet | Found a runed translucent gate.
 15871 | Gauntlet | Found a runed translucent door.
 15872 | Gauntlet | Found a transporter.
 15872 | Gauntlet | Found a runed translucent gate.
 15872 | Gauntlet | Found a large runed translucent door.
 15873 | Gauntlet | Found a runed translucent gate.
 15873 | Gauntlet | Found a runed translucent door.
 15873 | Gauntlet | Found a large runed translucent door.
 15875 | Gauntlet | Found a transporter.
 15879 | Gauntlet | Found a transporter.
 15882 | Gauntlet | Found a large runed translucent door.
 15882 | Gauntlet | Found a large runed translucent door.
 15882 | Gauntlet | Found a large runed translucent door.
 15882 | Gauntlet | Found a large runed translucent door.
 15883 | Gauntlet | Found a large runed translucent door.
 15884 | Gauntlet | Found a large runed translucent door.
 15884 | Gauntlet | Noticed a cacodemon
 15888 | Gauntlet | Found a transporter.
 15915 | Gauntlet | Found a large runed translucent door.
 15915 | Gauntlet | Found a large runed translucent door.
 16044 | Gauntlet | Reached skill level 15 in Unarmed Combat
 16053 | Gauntlet | Identified the ring "Vuockut" {rPois Str+4 SInv}
 16132 | Gauntlet | Identified the amulet of Vifairec {Spirit rF++}
 16522 | D:14     | Found a gate to the Vaults.
 16623 | D:14     | Identified the +0 pair of gloves "Liunaip" {rF+ Str-2 Dex+6
                  | Slay-3}
 16627 | D:14     | Found a runed translucent gate.
 16627 | D:14     | Found a runed translucent gate.
 16627 | D:14     | Noticed Agruq Axkidd's ghost (journeyman GrEE)
 16628 | D:14     | Identified the +3 chain mail "Reazaacs" {rCorr Int+3
                  | Slay-5}
 16628 | D:14     | Found a runed translucent gate.
 17173 | D:15     | Entered Level 15 of the Dungeon
 17572 | D:15     | Found a staircase to the Depths.
 17572 | D:15     | Noticed a stone giant
 17584 | D:15     | Killed a stone giant
 18008 | D:15     | Noticed Rupert
 18015 | D:15     | Killed Rupert
 18221 | D:15     | Reached skill level 16 in Unarmed Combat
 18483 | Orc:1    | Reached XP level 15. HP: 136/146 MP: 12/14
 18728 | Orc:1    | Gained mutation: Your magical capacity is low. (-10% MP) [a
                  | neqoxec]
 18730 | Orc:1    | Gained mutation: You have hidden genetic defects. [a
                  | neqoxec]
 18743 | Orc:1    | Lost mutation: Your magical capacity is low. (-10% MP)
                  | [potion of mutation]
 18743 | Orc:1    | Lost mutation: You have hidden genetic defects. [potion of
                  | mutation]
 18743 | Orc:1    | Gained mutation: You have sharp toenails. [potion of
                  | mutation]
 18743 | Orc:1    | Gained mutation: Your spells are a little easier to cast,
                  | but a little less powerful. [potion of mutation]
 18743 | Orc:1    | Lost mutation: Your spells are a little easier to cast, but
                  | a little less powerful. [potion of mutation]
 18829 | Orc:1    | Found a transporter.
 19017 | Orc:1    | Found a transporter.
 19017 | Orc:1    | Found a runed translucent door.
 19159 | Orc:1    | Reached skill level 15 in Shapeshifting
 19180 | Orc:1    | Identified the +2 plate armour "Faac" {rPois rF+}
 19290 | Orc:2    | Entered Level 2 of the Orcish Mines
 19593 | Orc:2    | Noticed Erolcha
 19605 | Orc:2    | Killed Erolcha
 19731 | Orc:2    | HP: 5/149 [orc knight/+0 great sword (29)]
 19869 | Orc:2    | Found Cukapont's Antique Weapon Boutique.
 19916 | Orc:2    | Reached skill level 10 in Fighting
 19937 | Orc:2    | Found Qumpuot's Assorted Antiques.
 20025 | Orc:2    | Found a staircase to the Elven Halls.
 20354 | Orc:2    | Found Evvoukig's Antique Armour Shop.
 20384 | Orc:2    | Found Ufutih's Armour Shop.
 20542 | Orc:2    | Bought the +2 hat of the Bear Spirit {Spirit, Bear, *Rage
                  | Will++} for 1186 gold pieces
 20542 | Orc:2    | Found the +2 hat of the Bear Spirit {Spirit, Bear, *Rage
                  | Will++}
 20886 | Lair:3   | Found a radiant altar of Vehumet.
 21002 | Lair:3   | Reached skill level 10 in Dodging
 21173 | Lair:3   | Found a staircase to the Snake Pit.
 21940 | Lair:4   | Reached skill level 17 in Unarmed Combat
 22171 | Lair:5   | Entered Level 5 of the Lair of Beasts
 22250 | Lair:5   | Found a dark tunnel.
 22274 | Volcano  | Entered a volcano
 22419 | Volcano  | Noticed an orb of fire
 22419 | Volcano  | Noticed an orb of fire
 22441 | Volcano  | Reached XP level 16. HP: 159/161 MP: 12/15
 22756 | Lair:5   | Found a staircase to the Slime Pits.
 23389 | Lair:5   | Found a large runed translucent door.
 23394 | Lair:5   | Found a large runed translucent door.
 23802 | Snake:1  | Entered Level 1 of the Snake Pit
 23828 | Snake:1  | Noticed Agnes
 23835 | Snake:1  | Mangled by Agnes

Illustrated notes

Levels and vault maps discovered:
D:1:      doesnt_arrival_eight_statues, layout_basic
D:2:      layout_loops_corners, grunt_decor_resistance, kennysheep_boxes,
          uniq_sigmund
D:3:      minmay_chambers_of_twos, layout_loops_corners,
          mainiacjoe_overflow_alcove_1, cheibriados_altar_1,
          mainiacjoe_overflow_brackets, chequers_ecumenical_altar_simple_redux,
          gammafunk_ghost_smash, gup_sewer_entry_bowl
D:4:      layout_loops_corners, serial_glass, glass_columns_a, glass_columns_a,
          st_stairs_6, uniq_edmund, uniq_pikel
D:5:      layout_basic, temple_hall, nicolae_shop_distant_corner_stores
D:6:      layout_loops_corners, kennysheep_mini_moat
D:7:      layout_basic, minitemple, mainiacjoe_overflow_cross_hatched
D:8:      layout_loops_ring, minmay_manual_moon, uniq_psyche
D:9:      layout_rooms, serial_shops, shop
D:10:     cheibrodos_elevator_heist, layout_basic,
          nicolae_hepliaklqana_hazy_memory, minmay_lair_entry_grove,
          serial_shops, shop, hellmonk_guarded_unrand_frostbite, uniq_harold
D:11:     layout_loops_ring
D:12:     layout_basic, grunt_ministairs_2,
          hangedman_abyss_or_decor_lesser_grid, uniq_jorgrun
D:13:     layout_grid_maze, uniq_frances
D:14:     layout_basic, grunt_vaults_entry_tiered, gauntlet_entry_generic,
          biasface_ghost_orc_armoury, dreamdust_mushroom_princess
D:15:     grunt_enter_depths_giant_problem, layout_loops_corners, uniq_rupert
Temple:   hellmonk_temple_rainy
Lair:1:   dragon1_lemuel, layout_layer_cave
Lair:2:   regret_index_bee_streams, layout_layer_cave, grunt_megastairs_2,
          infiniplex_staircase_pool
Lair:3:   layout_chaotic_city, nicolae_shoals_entry_roost,
          nicolae_snake_entry_squirm, basic_altar
Lair:4:   layout_big_grid, lemuel_fruit_fields, lemuel_fruit_tree
Lair:5:   cheibrodos_lair_end_hotspot, layout_loops_ring, slime_entry_2,
          enter_volcano_1, gammafunk_lair_bear_cave, serial_bayou_shore_b,
          serial_bayou_shore_b
Snake:1:  layout_onion_interference, uniq_agnes
Orc:1:    emtedronai_trogs_sanctum, layout_diamond_mine, nicolae_orc_lost_temple
Orc:2:    st_orc_town, layout_diamond_mine, nicolae_orc_jurassic_orc,
          einodemon_barbed_minivault, uniq_erolcha

Skill      XL: |  1  2  3  4  5  6  7  8  9 10 11 12 13 14 15 16 |
---------------+-------------------------------------------------+-----
Fighting       | 1 2 3 4 5 6 7 8 9 10 11 | 11.2
Dodging        | 2 3 4 5 6 7 8 9 10 | 10.5
Unarmed Combat | 4 5 6 7 9 10 12 13 14 16 17 | 17.6
Shapeshifting  | 4 5 7 8 9 11 12 13 14 15 16 | 16.3

Action                     |  1- 3 |  4- 6 |  7- 9 | 10-12 | 13-15 | 16-18 || total
---------------------------+-------+-------+-------+-------+-------+-------++-------
  Melee: Unarmed           |    57 |   125 |   320 |   773 |  1059 |   108 ||  2442
         Punch             |     1 |     1 |    12 |    13 |    35 |    10 ||    72
         Maw               |       |       |       |       |   149 |    27 ||   176
         Kick              |       |       |       |       |   100 |    32 ||   132
  Throw: Large rock        |       |       |       |       |    12 |       ||    12
 Invoke: Sacrifice Love    |       |       |     1 |       |       |       ||     1
         Reject Sacrifices |       |       |     1 |       |     1 |       ||     2
         Sacrifice Words   |       |       |       |     1 |       |       ||     1
         Sacrifice Purity  |       |       |       |     1 |       |       ||     1
         Draw Out Power    |       |       |       |       |     3 |       ||     3
         Power Leap        |       |       |       |       |     1 |       ||     1
         Sacrifice Arcana  |       |       |       |       |     1 |       ||     1
  Evoke: Wand              |       |       |       |     2 |       |       ||     2
    Use: Scroll            |       |       |       |    17 |    15 |       ||    32
         Potion            |       |       |       |    11 |     7 |     2 ||    20
   Stab: Sleeping          |     1 |       |     1 |       |       |       ||     2
         Invisible         |       |       |     1 |     2 |    15 |     2 ||    20
         Distracted        |       |       |       |       |     4 |       ||     4
         Paralysed         |       |       |       |       |     6 |       ||     6
 Armour: Animal skin       |    39 |       |       |       |       |       ||    39
         Robe              |       |    73 |   107 |       |       |       ||   180
         Steam dragon scal |       |       |     8 |   113 |       |       ||   121
         Skin              |       |       |       |   181 |   544 |    44 ||   769
  Dodge: Dodged            |    33 |    50 |   237 |   645 |   921 |    57 ||  1943
   Form: Flux              |       |       |       |     1 |       |       ||     1
         Maw               |       |       |       |       |     1 |       ||     1

Table legend: (Time is in decaauts)
 A = Elapsed time spent in this place.
 B = Non-inter-level travel time spent in this place.
 C = Inter-level travel time spent in this place.
 D = Time resting spent in this place.
 E = Time spent auto-exploring this place.
 F = Levels seen in this place.
 G = Mean time per level.
                   A        B        C        D        E       F      G
               +--------+--------+--------+--------+--------+-----+--------+
         Total |  23583 |  22271 |   1312 |    772 |  15851 |  27 |  873.4 |
       Dungeon |  13970 |  13226 |    744 |    473 |   9858 |  15 |  931.3 |
        Temple |     24 |     13 |     11 |      0 |      0 |   1 |   24.0 |
          Lair |   5842 |   5580 |    262 |    171 |   4113 |   5 | 1168.4 |
     Snake Pit |     37 |     37 |      0 |      0 |     15 |   1 |   37.0 |
  Orcish Mines |   2574 |   2280 |    294 |     76 |   1381 |   2 | 1287.0 |
         Sewer |    343 |    343 |      0 |      0 |    245 |   1 |  343.0 |
       Volcano |    384 |    384 |      0 |      0 |    217 |   1 |  384.0 |
      Gauntlet |    405 |    405 |      0 |     51 |     22 |   1 |  405.0 |
               +--------+--------+--------+--------+--------+-----+--------+

Top non-repeatable levels by time:
  Lair:2: 1840 daAuts
    D:10: 1450 daAuts
   Orc:2: 1359 daAuts
  Lair:1: 1247 daAuts
   Orc:1: 1215 daAuts
  Lair:5: 1210 daAuts
    D:15: 1206 daAuts
    D:14: 1166 daAuts
     D:4: 1119 daAuts
     D:3: 1109 daAuts
    D:11: 977 daAuts
    D:13: 947 daAuts
     D:2: 920 daAuts
    D:12: 908 daAuts
  Lair:3: 839 daAuts
